AoeStats
← el hacha

Oasis

507548853Analyzed
4v4 RM · 13d ago on Sep 18, 2026· 68m 47s· 8 players
Game mode
Random Map
Map size
Large (8 player)
Population
200
Speed
Normal
Resources
Standard
Victory
Conquest
Starting age
Dark Age
Ending age
Imperial Age
RankedLock teamsTeams togetherTeam positionsShared explorationLock speedFull tech treeHidden civsTurbo modeCheats
Victory
Defeat
🇩🇪 Ethiopians · Germany
1005
+15
🇩🇪 Malay · Germany
995
+15
🇩🇪 Magyars · Germany
925
+18
🇩🇪 Georgians · Germany
797
+22
🇩🇪 Mongols · Germany
1000
-59
🇨🇭 Teutons · Switzerland
976
-18
🇮🇳 Burgundians · India
960
-17
🇩🇪 Persians · Germany
935
-16
Pangaea
4:59 Loom
8:24 Feudal Age
8:50 Double-Bit Axe
12:23 Horse Collar
14:46 Wheelbarrow
18:04 Castle Age
16:34 Stone Mining
34:50 Pikeman
40:20 Imperial Age
38:06 Hand Cart
38:29 Kamandaran
38:01 Crossbowman
38:47 Thumb Ring
41:29 Elite War Elephant
44:52 Gold Mining
45:15 Fletching
45:26 Padded Archer Armor
45:36 Forging
45:32 Scale Barding Armor
48:33 Bloodlines
48:52 Conscription
50:12 Ballistics
50:53 Chemistry
53:24 Caravan
55:10 Hoardings
55:28 Chain Barding Armor
55:42 Citadels
55:48 Citadels
55:54 Masonry
57:31 Architecture
57:20 Bodkin Arrow
58:37 Plate Barding Armor
59:35 Murder Holes
62:05 Leather Archer Armor
Apecs
10:31 Feudal Age
11:12 Double-Bit Axe
12:23 Loom
14:22 Bloodlines
15:43 Forging
16:48 Scale Barding Armor
22:43 Castle Age
24:29 Bow Saw
24:33 Horse Collar
25:00 Husbandry
27:30 Iron Casting
27:42 Wheelbarrow
30:13 Caravan
30:40 Chain Barding Armor
32:04 Thumb Ring
34:54 Ballistics
39:05 Imperial Age
40:10 Conscription
40:55 Chemistry
40:30 Parthian Tactics
40:56 Elite Mangudai
42:37 Drill
52:40 Nomads
52:49 Fletching
53:00 Padded Archer Armor
54:01 Blast Furnace
54:48 Elite Steppe Lancer
M44281
1:27 Loom
11:40 Feudal Age
12:09 Double-Bit Axe
12:28 Horse Collar
15:02 Gold Mining
18:20 Castle Age
17:07 Town Watch
21:22 Bow Saw
22:14 Stone Mining
22:28 Heavy Plow
22:23 Fletching
28:31 Imperial Age
26:48 Scale Barding Armor
26:54 Forging
28:32 Chain Barding Armor
30:50 Cavalier
32:49 Iron Casting
33:08 Plate Barding Armor
34:28 Bloodlines
36:35 Blast Furnace
35:31 Bodkin Arrow
36:49 Paladin
40:41 Wheelbarrow
47:15 Hand Cart
48:08 Chemistry
47:19 Masonry
47:31 Ballistics
47:22 Fortified Wall
47:20 Siege Engineers
52:02 Elite Teutonic Knight
57:32 Crenellations
57:39 Crenellations
TheGogoi
3:11 Loom
12:03 Feudal Age
11:40 Double-Bit Axe
13:55 Bow Saw
15:12 Horse Collar
19:20 Scale Barding Armor
19:26 Heavy Plow
23:40 Forging
24:14 Fletching
27:20 Scale Mail Armor
34:03 Castle Age
38:40 Wheelbarrow
41:26 Gold Mining
42:02 Town Watch
42:33 Hand Cart
43:47 Caravan
48:25 Gold Shaft Mining
51:48 Imperial Age
52:50 Imperial Age
51:19 Guilds
52:08 Stone Mining
53:24 Masonry
52:55 Treadmill Crane
53:49 Ballistics
53:00 Cavalier
53:41 Husbandry
54:30 Conscription
53:53 Flemish Revolution
54:49 Chain Mail Armor
55:14 Iron Casting
56:18 Plate Mail Armor
60:09 Chemistry
61:40 Chemistry
61:43 Blast Furnace
Schnicker11
7:08 Loom
12:50 Feudal Age
13:51 Double-Bit Axe
14:49 Horse Collar
25:27 Wheelbarrow
29:31 Castle Age
28:22 Bloodlines
28:21 Scale Barding Armor
28:34 Gold Mining
28:35 Stone Mining
30:29 Husbandry
33:19 Bow Saw
34:12 Chain Barding Armor
33:24 Light Cavalry
33:35 Light Cavalry
35:32 Corvinian Army
40:30 Imperial Age
40:04 Hand Cart
39:55 Heavy Plow
40:19 Ballistics
44:06 Elite Skirmisher
45:42 Conscription
44:43 Elite Magyar Huszar
46:21 Plate Barding Armor
47:28 Gold Shaft Mining
48:02 Two-Man Saw
47:25 Fletching
47:11 Pikeman
50:33 Elite Magyar Huszar
53:53 Thumb Ring
57:27 Caravan
64:29 Hoardings
65:08 Bodkin Arrow
65:14 Padded Archer Armor
65:14 Scale Mail Armor
66:15 Halberdier
69:48 Chemistry
68:44 Murder Holes
68:57 Siege Engineers
69:09 Recurve Bow
el hacha
10:23 Loom
12:13 Feudal Age
16:19 Castle Age
17:36 Pikeman
26:09 Double-Bit Axe
26:07 Horse Collar
38:49 Imperial Age
39:30 Svan Towers
40:20 Halberdier
41:12 Scale Mail Armor
41:18 Scale Barding Armor
47:39 Capped Ram
48:43 Squires
biernot
5:05 Loom
9:38 Feudal Age
10:18 Double-Bit Axe
11:36 Loom
14:47 Horse Collar
15:19 Fletching
15:30 Padded Archer Armor
18:38 Wheelbarrow
22:58 Castle Age
24:05 Bodkin Arrow
24:25 Leather Archer Armor
23:33 Crossbowman
24:18 Thumb Ring
25:01 Bow Saw
30:20 Hand Cart
30:08 Heavy Plow
31:37 Forging
31:27 Scale Mail Armor
34:52 Ballistics
34:28 Murder Holes
35:35 Scale Mail Armor
41:19 Imperial Age
41:34 Squires
44:35 Chemistry
43:41 Siege Engineers
43:59 Gold Mining
44:00 Stone Mining
43:34 Arbalester
44:57 Halberdier
45:22 Arson
49:54 Bracer
50:29 Iron Casting
50:32 Gold Shaft Mining
50:33 Stone Shaft Mining
51:00 Two-Man Saw
52:43 Royal Heirs
53:07 Conscription
55:50 Caravan
59:28 Torsion Engines
59:00 Elite Shotel Warrior
66:59 Blast Furnace
66:15 Chain Mail Armor
66:30 Ring Archer Armor
Achilles
12:01 Feudal Age
10:18 Loom
15:58 Castle Age
14:35 Horse Collar
14:50 Double-Bit Axe
20:39 Heavy Plow
27:26 Bow Saw
29:32 Scale Barding Armor
29:38 Forging
31:44 Town Watch
37:26 Imperial Age
35:34 Wheelbarrow
35:03 Town Patrol
37:36 Iron Casting
37:19 Hand Cart
36:32 Pikeman
37:20 Husbandry
38:43 Chemistry
37:25 Treadmill Crane
37:46 Fletching
38:43 Conscription
37:52 Capped Ram
40:10 Gold Mining
43:24 Conscription
43:23 Forced Levy
43:59 Conscription
43:00 Elite Karambit Warrior
45:15 Blast Furnace
45:32 Gold Shaft Mining
45:21 Squires
45:06 Arson
47:49 Elite Battle Elephant
48:27 Halberdier
51:00 Caravan
53:58 Ballistics
53:46 Siege Engineers
54:04 Bombard Tower
53:58 Stone Mining
56:08 Murder Holes
56:23 Masonry
57:42 Bodkin Arrow
60:16 Coinage
60:00 Guilds
60:30 Stone Shaft Mining
68:55 Bracer
68:57 Padded Archer Armor
68:49 Guard Tower
68:50 Heated Shot
Connection lost

Rejoining the realm…

Still unreachable

The connection could not be restored.

Session expired

The server has moved on; the page needs a fresh start.